 Dungeon Crawl Stone Soup version 0.29.1-12-g30fa7ad0bf (webtiles) character file.

Game seed: 8483314930036741840

1276 xzight the Ruffian (level 8, -3/79 HPs)
             Began as a Troll Fighter on Dec 27, 2022.
             Slain by a vampire
             ... wielding a +0 mace
              (15 damage)
             ... on level 5 of the Dungeon.
             The game lasted 00:12:14 (3653 turns).

xzight the Ruffian (Troll Fighter)                  Turns: 3653, Time: 00:12:14

Health: -3/79      AC:  4    Str: 27    XL:     8   Next: 28%
Magic:  7/7        EV:  8    Int:  4    God:
Gold:   256        SH: 13    Dex:  9    Spells: 7/7 levels left

rFire   . . .      SeeInvis .     - Unarmed
rCold   . . .      Faith    .   b - +0 kite shield
rNeg    . . .      Spirit   .   a - +0 robe
rPois   .          Reflect  +   (helmet restricted)
rElec   .          Harm     .   (no cloak)
rCorr   .          Rampage  .   (gloves unavailable)
Will    .....                   (boots unavailable)
Stlth   +.........              u - amulet of reflection
HPRegen 1.03/turn               (no ring)
MPRegen 0.10/turn               (no ring)

@: no status effects
A: large, unfitting armour, claws 3, regeneration 1, shaggy fur 1, tough skin 1
a: no special abilities


You were on level 5 of the Dungeon.
You visited 2 branches of the dungeon, and saw 6 of its levels.

You collected 256 gold pieces.


Innate Abilities, Weirdness & Mutations

You are too large for most types of armour.
You have claws for hands.
Your natural rate of healing is unusually fast.
You are covered in fur. (AC +1)
You have tough skin. (AC +1)


   Skills:
 + Level 4.6 Fighting
 + Level 3.4 Throwing
 - Level 2.4 Dodging
 + Level 5.1 Shields
 + Level 6.5 Unarmed Combat


You had 7 spell levels left.
You didn't know any spells.
Your spell library contained the following spells:

 Spells                   Type           Power      Damage    Failure   Level
 Static Discharge         Conj/Air       0%         3-3/arc   88%         2
 Confusing Touch          Hex            0%         N/A       98%         3
 Gell's Gravitas          Tloc           0%         N/A       98%         3
 Ignite Poison            Fire/Tmut/Pois 0%         N/A       98%         3
 Lesser Beckoning         Tloc           0%         N/A       98%         3
 Mephitic Cloud           Conj/Pois/Air  0%         N/A       98%         3
 Teleport Other           Tloc           0%         N/A       98%         3
 Dispel Undead            Necr           0%         3d6       100%        4
 Sticky Flame             Conj/Fire      0%         2d3       100%        4
 Freezing Cloud           Conj/Ice/Air   0%         6-21      100%        5
 Yara's Violent Unravell  Hex/Tmut       0%         3d3       100%        5
 Enfeeble                 Hex            0%         N/A       100%        7

Inventory:

Missiles
 q - a throwing net {=f}
Armour
 a - a +0 robe (worn)
 b - a +0 kite shield (worn)
Jewellery
 u - an amulet of reflection (around neck)
Wands
 g - a wand of quicksilver (2)
Scrolls
 d - a scroll of blinking {unknown}
 e - 2 scrolls of enchant armour {unknown}
 i - 2 scrolls of poison {unknown}
 j - a scroll of teleportation {unknown}
 n - 2 scrolls of butterflies {unknown}
 o - a scroll of summoning {unknown}
 p - 2 scrolls of fear {unknown}
 r - 2 scrolls of identify {unknown}
 s - a scroll of amnesia {unknown}
Potions
 c - a potion of might
 f - 2 potions of lignification {unknown}
 h - a potion of degeneration {unknown}
 k - a potion of heal wounds {unknown}
 l - a potion of flight {unknown}
 m - 4 potions of curing {unknown}
 t - a potion of attraction {unknown}

Dungeon Overview and Level Annotations

Branches:
Dungeon (5/15)             Temple (1/1) D:4

Altars:
Ashenzari
Dithmenos
Elyvilon
Fedhas
Gozag
Hepliaklqana
Kikubaaqudgha
Nemelex Xobeh
Qazlal
Ru
Sif Muna
Trog
Wu Jian
Zin

Shops:
D:5 *

Annotations:
D:5 1 runed translucent door, Crazy Yiuf

▒▒▒▒▒....§.........).....♣
.........................♣
.........▒▒.........)....♣
........▒▒▒.....▒▒....>▒..
........▒▒.....▒▒▒▒.......
........▒▒.▒..▒▒ ▒..▒▒...
..>...V.......▒▒▒▒▒..▒▒▒..
........▒..▒..............
........▒@▒▒.▒▒▒▒▒▒..▒▒▒▒▒
......▒.▒<▒▒.▒ ▒........▒
▒▒▒▒▒▒▒.▒.▒..▒ ▒........▒▒
▒.▒.▒.▒▒ ▒..........
▒▒.▒.▒.▒▒▒▒▒▒▒▒....▒▒
▒▒...............▒▒▒▒
▒....▒.▒▒▒▒▒▒▒▒▒▒▒
▒▒▒.▒..▒ ▒...▒▒


There were no monsters in sight!


Message History

There is an escape hatch in the floor here.
There is a stone staircase leading up here.
There is a stone staircase leading up here.
Press: ? - help, v - describe, . - travel
Here: a vampire, wielding a +0 mace The floor.
The vampire casts a spell.
The vampire flickers and vanishes!
Deactivating autopickup; reactivate with Ctrl-A.
You claw something! Something hits you! Something bites you.
Something draws strength from your injuries!
You scratch something but do no damage. Something hits you!
Something bites you but does no damage.
You closely miss something. You block something's attack. Something bites you!
Something draws strength from your injuries!
You barely miss something. Something hits you!
* * * LOW HITPOINT WARNING * * *
Something bites you!
* * * LOW HITPOINT WARNING * * *
Something draws strength from your injuries!
You completely miss something. Something hits you!
* * * LOW HITPOINT WARNING * * *
You block something's attack.
You scratch something. Something hits you!
* * * LOW HITPOINT WARNING * * *
Something bites you.
* * * LOW HITPOINT WARNING * * *
Something draws strength from your injuries!
You claw something! Something hits you!
You die...

Skill      XL: |  1  2  3  4  5  6  7  8 |
---------------+-------------------------+-----
Unarmed Combat | 3 4 5 6 |  6.5
Shields        | 3 4 5 |  5.1
Fighting       | 3 4 |  4.6
Throwing       | 1 2 3 |  3.4
Dodging        | |  2.4

Action                   |  1- 3 |  4- 6 |  7- 9 || total
-------------------------+-------+-------+-------++-------
Melee: Unarmed           |    74 |   170 |    87 ||   331
  Use: Potion            |       |       |     1 ||     1
 Stab: Sleeping          |     1 |     1 |     1 ||     3
Armor: Robe              |    13 |    40 |    25 ||    78
Dodge: Dodged            |    23 |    36 |    41 ||   100
Block: Kite shield       |    25 |    48 |    44 ||   117

Levels and vault maps discovered:
D:1:      beargit_arrival_greenhouse, layout_basic
D:2:      layout_basic, skrybe_limestone_x, hangedman_decor_diamond_cutter,
          hangedman_glass_teeth, hex_tiny, grunt_decor_cap, minivault_23
D:3:      layout_rooms
D:4:      layout_basic, minmay_temple_entry_statues_pillars
D:5:      layout_rooms, nicolae_elemental_shop, hangedman_decor_opposing,
          minmay_misc_feat_nine_boxes, minmay_stone_trees_small,
          uniq_crazy_yiuf_cottage, uniq_ijyb
Temple:   nicolae_temple_superstar

Notes
Turn   | Place    | Note
-------+----------+-------------------------------------------
     0 | D:1      | xzight the Troll Fighter began the quest for the Orb.
     0 | D:1      | Reached XP level 1. HP: 22/22 MP: 0/0
   133 | D:1      | Reached XP level 2. HP: 29/29 MP: 1/1
   175 | D:1      | Reached skill level 3 in Unarmed Combat
   446 | D:1      | Reached XP level 3. HP: 36/36 MP: 2/2
   782 | D:2      | Reached skill level 4 in Unarmed Combat
   988 | D:2      | HP: 3/36 [gnoll/+0 halberd (10)]
  1031 | D:2      | Reached XP level 4. HP: 41/44 MP: 3/3
  1571 | D:3      | Reached skill level 3 in Shields
  1665 | D:3      | Reached XP level 5. HP: 50/52 MP: 4/4
  1762 | D:3      | Reached skill level 3 in Fighting
  1762 | D:3      | Reached skill level 5 in Unarmed Combat
  1861 | D:3      | Reached XP level 6. HP: 61/61 MP: 5/5
  2081 | D:4      | Found a staircase to the Ecumenical Temple.
  2097 | Temple   | Entered the Ecumenical Temple
  2366 | D:4      | Reached skill level 1 in Throwing
  2544 | D:4      | Reached skill level 4 in Shields
  2544 | D:4      | Reached XP level 7. HP: 67/68 MP: 6/6
  2575 | D:4      | Reached skill level 2 in Throwing
  2828 | D:4      | Reached skill level 4 in Fighting
  2828 | D:4      | Reached skill level 6 in Unarmed Combat
  3021 | D:5      | Entered Level 5 of the Dungeon
  3030 | D:5      | Noticed a steam dragon
  3075 | D:5      | Found Zufiec's Elemental Accessories.
  3238 | D:5      | Reached XP level 8. HP: 78/78 MP: 7/7
  3277 | D:5      | Reached skill level 3 in Throwing
  3355 | D:5      | Noticed Ijyb
  3391 | D:5      | Reached skill level 5 in Shields
  3531 | D:5      | Found a runed translucent door.
  3532 | D:5      | Noticed Crazy Yiuf
  3585 | D:5      | Killed Ijyb
  3653 | D:5      | Slain by a vampire

Vanquished Creatures
  A steam dragon (D:5)
  2 black bears (D:4)
  2 ogres (D:5)
  A centaur (D:5)
  2 scorpions (D:4)
  A howler monkey (D:4)
  2 hounds
  2 orc priests (D:3)
  A gnoll bouda (D:3)
  An iguana (D:5)
  Ijyb (D:5)
  2 orc wizards
  14 gnolls
  8 adders
  An ufetubus (D:4)
  A worm (D:2)
  A dart slug (D:1)
  4 orcs
  6 bats
  7 endoplasms
  5 giant cockroaches
  11 goblins
  7 hobgoblins
  6 quokkas
  8 ball pythons
  5 frilled lizards
  6 kobolds
  3 rats
111 creatures vanquished.

Table legend: (Time is in decaauts)
 A = Elapsed time spent in this place.
 B = Non-inter-level travel time spent in this place.
 C = Inter-level travel time spent in this place.
 D = Time resting spent in this place.
 E = Time spent auto-exploring this place.
 F = Levels seen in this place.
 G = Mean time per level.
                   A        B        C        D        E       F      G
               +--------+--------+--------+--------+--------+-----+--------+
         Total |   3672 |   3438 |    234 |    172 |   2087 |   6 |  612.0 |
       Dungeon |   3553 |   3325 |    228 |    172 |   1987 |   5 |  710.6 |
        Temple |    119 |    113 |      6 |      0 |    100 |   1 |  119.0 |
               +--------+--------+--------+--------+--------+-----+--------+

Top non-repeatable levels by time:
     D:4: 863 daAuts
     D:2: 843 daAuts
     D:1: 651 daAuts
     D:3: 622 daAuts
     D:5: 572 daAuts
  Temple: 119 daAuts

Table legend:
 A = Non-vault XP
 B = Vault XP
 C = Vault XP percentage of total XP
 D = Non-vault monster count
 E = Vault monster count
 F = Vault count percentage of total count
                 A         B        C        D         E       F
            +---------+---------+-------+---------+---------+-------
      Total |    1787 |      36 |   2.0 |     110 |       1 |   0.9
            +---------+---------+-------+---------+---------+-------
        D:1 |      42 |       0 |   0.0 |      25 |       0 |   0.0
        D:2 |     125 |       0 |   0.0 |      18 |       0 |   0.0
        D:3 |     277 |       0 |   0.0 |      32 |       0 |   0.0
        D:4 |     685 |       0 |   0.0 |      26 |       0 |   0.0
        D:5 |     658 |      36 |   5.2 |       9 |       1 |  10.0
            +---------+---------+-------+---------+---------+-------
